Map: Blood Boil LE

Players

XiM

  • Race: Protoss Protoss
  • League: Gold
  • Spawn Location: 11:00

BadogEmber - Winner!

  • Race: Terran Terran
  • League: Platinum
  • Spawn Location: 5:00

VOD

Have the link to the VOD?

Description

Time

  • Played on: May 15, 2017, 11:46 a.m.
  • Length: 6:04
Show
View Real Time Build Order
Export as new Build Order

XiM Protoss 

Build Orders:  

Get SALT Encoding   

  12  0:00  Unknown  
  12  0:01  Probe (Chrono Boost)  
  13  0:11  Probe (Chrono Boost)  
  14  0:21  Pylon  
  14  0:26  Probe (Chrono Boost)  
  15  0:31  Assimilator  
  15  0:40  Probe (Chrono Boost)  
  16  0:49  Gateway  
  16  0:52  Probe (Chrono Boost)  
  17  1:02  Probe (Chrono Boost)  
  18  1:13  Probe (Chrono Boost)  
  19  1:21  Gateway  
  19  1:32  Probe (Chrono Boost)  
  20  1:38  Zealot  
  22  1:42  Probe (Chrono Boost)  
  22  1:44  Assimilator  
  23  1:49  Pylon  
  23  1:52  Pylon  
  23  2:04  Cybernetics Core  
  23  2:07  Probe (Chrono Boost)  
  24  2:18  Probe (Chrono Boost), Gateway  
  25  2:28  Probe (Chrono Boost)  
  25  2:29  Gateway  
  26  2:37  Warp Gate  
  26  2:40  Probe (Chrono Boost)  
  27  2:50  Zealot  
  29  2:55  Mothership Core (Chrono Boost)  
  31  3:06  Zealot x2  
  35  3:17  Zealot  
  37  3:24  Zealot  
  36  3:47  Zealot  
  30  4:03  Zealot x3  
  32  4:11  Zealot  
  34  4:17  Nexus  
  17  4:57  Mothership Core (Chrono Boost)  
  16  5:01  Zealot  
  21  5:16  Pylon  
Show
View Real Time Build Order
Export as new Build Order

BadogEmber Terran - Winner!

Build Orders: Command Center First (CC) 

Get SALT Encoding   

  12  0:00  Unknown  
  12  0:03  SCV  
  13  0:17  SCV  
  14  0:23  Supply Depot  
  14  0:40  SCV  
  15  0:51  Refinery  
  15  0:52  SCV  
  16  1:05  SCV  
  17  1:17  SCV  
  18  1:20  Command Center  
  18  1:29  SCV  
  19  1:36  Engineering Bay  
  19  1:41  SCV  
  20  1:52  Refinery  
  20  1:53  SCV  
  21  2:08  Hi-Sec Auto Tracking  
  21  2:13  SCV, Supply Depot  
  22  2:55  Planetary Fortress  
  21  3:31  SCV  
  22  3:43  SCV  
  23  3:55  SCV  
  24  4:07  SCV  
  25  4:15  Missile Turret  
  25  4:20  SCV  
  25  4:32  SCV  
  25  4:44  SCV  
  26  4:52  Barracks  
  26  4:53  SCV  
  26  4:56  SCV  
  28  5:00  Command Center  
  28  5:02  Barracks  
  28  5:08  SCV  
  28  5:13  SCV  
  30  5:20  SCV  
  31  5:22  Supply Depot x2  
  31  5:25  SCV  
  32  5:29  Missile Turret  
  32  5:32  Missile Turret  
  31  5:37  SCV  
  31  5:40  Marine  
  32  5:45  Factory  
  32  5:49  SCV  
Tags
 
Add a new tag
Caveats
  • Supply blocks, unpowered buildings, or Contaminate may cause inaccurate times.
  • Supply counts are checked every 10 seconds.